 Dungeon Crawl Stone Soup version 0.25-a0-589-g1e14c549ee (webtiles) character file.

Game seed: 15981849882928927891, levelgen mode: deterministic

91 Esekla the Ducker (level 4, -7/21 HPs)
             Began as a Spriggan Artificer on Mar 10, 2020.
             Killed from afar by an orc wizard (9 damage)
             ... with a puff of flame
             ... on level 3 of the Dungeon.
             The game lasted 00:14:30 (2725 turns).

Esekla the Ducker (Spriggan Artificer)              Turns: 2725, Time: 00:14:30

Health: -7/21      AC:  2    Str:  8    XL:     4   Next: 34%
Magic:  8/8        EV: 20    Int: 13    God:
Gold:   57         SH:  0    Dex: 16    Spells: 3/3 levels left

rFire    . . .     SeeInvis +   a - +0 short sword
rCold    . . .     Gourm    .   (shield restricted)
rNeg     . . .     Faith    .   b - +0 robe
rPois    .         Spirit   .   (helmet restricted)
rElec    .         Reflect  .   (no cloak)
rCorr    .         Harm     .   (gloves unavailable)
MR       .....                  (boots unavailable)
Stlth    ++........             (no amulet)
HPRegen  0.07/turn              (no ring)
MPRegen  0.11/turn              (no ring)

@: very quick
A: very small, unfitting armour, see invisible, herbivore, speed 3, slow
metabolism 2
a: no special abilities


You were on level 3 of the Dungeon.
You were not hungry.

You visited 1 branch of the dungeon, and saw 3 of its levels.

You collected 57 gold pieces.

Inventory:

Hand Weapons
 a - a +0 short sword (weapon)
Missiles
 n - 3 poisoned darts (quivered)
 u - 2 boomerangs
Armour
 b - a +0 robe (worn)
 g - a +0 leather armour
 k - a +0 leather armour
Wands
 c - a wand of flame (15)
 d - a wand of enslavement (15)
 e - a wand of random effects (15)
Scrolls
 h - 2 scrolls of teleportation {unknown}
 j - 2 scrolls of magic mapping {unknown}
 q - a scroll of enchant armour {unknown}
 r - a scroll of remove curse {unknown}
 s - a scroll of enchant weapon {unknown}
Potions
 i - a potion of stabbing {unknown}
 l - a potion of invisibility {unknown}
 m - a potion of heal wounds {unknown}
 o - a potion of brilliance {unknown}
 p - a potion of lignification {unknown}
 t - a potion of curing {unknown}
Comestibles
 f - 5 rations


   Skills:
 - Level 0.7 Fighting
 * Level 3.2 Short Blades
 + Level 0.2 Throwing
 * Level 5.0 Dodging
 + Level 2.2 Stealth
 - Level 4.0 Evocations


You had 3 spell levels left.
You didn't know any spells.
Your spell library was empty.

Dungeon Overview and Level Annotations

Branches:
Dungeon (3/15)

Altars:
Vehumet


Innate Abilities, Weirdness & Mutations

You are very small and have problems with some larger weapons.
You are too small for most types of armour.
You have supernaturally acute eyesight. (SInv)
You are a herbivore.
You cover ground extremely quickly.
You need to consume almost no food.


Message History

The magic dart hits you.
You hit the crimson imp.
The crimson imp is severely wounded.
The crimson imp completely misses you.
You completely miss the crimson imp.
The crimson imp is severely wounded.
The crimson imp misses you.
You hit the crimson imp but do no damage.
The crimson imp is severely wounded.
The crimson imp looks more healthy.
The crimson imp blinks!
The orc priest looks encouraged for a moment.
The orc wizard casts a spell.
The orc wizard flickers and vanishes for a moment.
The orc hits you from afar with a +0 trident!
* * * LOW HITPOINT WARNING * * *
You see here a poisoned dart.
n - 3 poisoned darts (gained 1)
The orc wizard gestures at you while chanting.
The puff of flame hits you!
You die...

#.##.#.# ##.......##
####......###.........#
#.......o..(oo........+
# ##....o####o....(...#
#.#.....## ##.......##
#.....5o.# ##.....##
#......o.# ##...##
#........# ##'##
#.#....@#########.######
#.#.....###...##....>..#
#........o..#..........#
###.....###...o#...###.#
##...## ##.#......##.#
##.# #.#.#........ ##
#.#.#...###.#
#.#.#.#.###.#
#...........#


You could see 2 orc priests, an orc wizard (invisible), a crimson imp and an
orc.

Vanquished Creatures
  3 adders
  An ooze (D:1)
  A dart slug (D:1)
  A leopard gecko (D:1)
  8 bats
  3 giant cockroaches
  8 goblins
  9 hobgoblins
  2 jackals (D:2)
  2 ball pythons (D:1)
  3 frilled lizards (D:1)
  6 kobolds
  7 rats
54 creatures vanquished.

Notes
Turn   | Place    | Note
-------+----------+-------------------------------------------
     0 | D:1      | Esekla the Spriggan Artificer began the quest for the Orb.
     0 | D:1      | Reached XP level 1. HP: 9/9 MP: 4/4
    58 | D:1      | Reached XP level 2. HP: 3/14 MP: 6/6
   259 | D:1      | Reached skill level 4 in Dodging
   929 | D:1      | Reached XP level 3. HP: 9/17 MP: 7/7
  1355 | D:2      | Found a radiant altar of Vehumet.
  2187 | D:2      | Reached XP level 4. HP: 21/21 MP: 8/8
  2327 | D:2      | Reached skill level 5 in Dodging
  2725 | D:3      | Killed from afar by an orc wizard

Levels and vault maps discovered:
D:1:      psy_arrival_basics, layout_rooms
D:2:      layout_basic, old_standard_altar
D:3:      layout_loops_corners

Skill      XL: |  1  2  3  4 |
---------------+-------------+-----
Dodging        | 4 5 |  5.0
Short Blades   | 2 3 |  3.2
Stealth        | 2 |  2.2
Fighting       | |  0.7
Throwing       | |  0.2
Evocations     | |  4.0

Action                   |  1- 3 |  4- 6 || total
-------------------------+-------+-------++-------
Melee: Short sword       |   184 |   103 ||   287
Throw: Dart              |     8 |    13 ||    21
 Stab: Sleeping          |     5 |     2 ||     7
Armor: Robe              |    25 |     9 ||    34
Dodge: Dodged            |   137 |    95 ||   232

Table legend:
 A = Non-vault XP
 B = Vault XP
 C = Vault XP percentage of total XP
 D = Non-vault monster count
 E = Vault monster count
 F = Vault count percentage of total count
                 A         B        C        D         E       F
            +---------+---------+-------+---------+---------+-------
      Total |     131 |       0 |   0.0 |      54 |       0 |   0.0
            +---------+---------+-------+---------+---------+-------
        D:1 |      70 |       0 |   0.0 |      30 |       0 |   0.0
        D:2 |      58 |       0 |   0.0 |      22 |       0 |   0.0
        D:3 |       3 |       0 |   0.0 |       2 |       0 |   0.0
            +---------+---------+-------+---------+---------+-------
